 Dungeon Crawl Stone Soup version 0.28-a0-1199-gef9e1dbd39 (webtiles) character file.

Game seed: 17452569777941173980

669 ytrimaz the Insei (level 7, -1/45 HPs)
             Began as an Octopode Transmuter on Dec 19, 2021.
             Slain by a centaur (5 damage)
             ... on level 4 of the Dungeon.
             The game lasted 00:06:56 (5462 turns).

ytrimaz the Insei (Octopode Transmuter)             Turns: 5462, Time: 00:06:57

Health: -1/45      AC:  6    Str:  9    XL:     7   Next: 58%
Magic:  8/13       EV: 19    Int: 18    God:
Gold:   80         SH:  0    Dex: 17    Spells: 5/15 levels left

rFire   . . .      SeeInvis .     - Unarmed
rCold   . . .      Faith    .   (shield currently unavailable)
rNeg    . . .      Spirit   .   (helmet currently unavailable)
rPois   x          Reflect  .   (no amulet)
rElec   .          Harm     .   b - +4 ring of protection
rCorr   .          Rampage  .   (no ring)
Will    .....                   (no ring)
Stlth   ++........              (no ring)
HPRegen 0.15/turn               (no ring)
MPRegen 0.13/turn               (no ring)
                                (no ring)
                                (no ring)

@: spider-form
A: venomous fangs, almost no armour, (amphibious), 8 rings, tiny, (camouflage
1), (gelatinous body 1), (nimble swimmer 1), (tentacles)
a: End Transformation


You were on level 4 of the Dungeon.
You were a venomous arachnid creature.
You visited 1 branch of the dungeon, and saw 4 of its levels.
You also visited: Ossuary.

You collected 171 gold pieces.
You spent 91 gold pieces at shops.

Inventory:

Jewellery
 b - a +4 ring of protection (left front leg)
Wands
 m - a wand of iceblast (2)
Scrolls
 c - 2 scrolls of noise
 d - a scroll of fog
 e - a scroll of acquirement
 h - 3 scrolls of teleportation
Potions
 a - 3 potions of curing
 f - a potion of magic {unknown}
 g - 2 potions of brilliance
 i - 2 potions of lignification {unknown}
 j - 2 potions of mutation
 k - a potion of attraction {unknown}
 l - a potion of might {unknown}
 n - a potion of invisibility {unknown}
 o - 3 potions of heal wounds {unknown}
 p - a potion of flight {unknown}
 r - 2 potions of degeneration {unknown}


   Skills:
 * Level 2.9 Fighting
 - Level 2.0 Dodging
 + Level 5.1 Unarmed Combat
 * Level 4.6 Spellcasting
 * Level 4.2 Transmutations
 + Level 0.1 Ice Magic
 + Level 0.8 Poison Magic


You had 5 spell levels left.
You knew the following spells:

 Your Spells              Type           Power      Damage    Failure   Level
a - Beastly Appendage     Tmut           38%        N/A       9%          1
b - Wereblood             Tmut           19%        N/A       12%         2
c - Spider Form           Tmut/Pois      13%        N/A       32%         3
d - Ice Form              Ice/Tmut       12%        N/A       71%         4

Your spell library contained the following spells:

 Spells                   Type           Power      Damage    Failure   Level
 Magic Dart               Conj           16%        1d3       32%         1
 Pain                     Necr           16%        1d4       32%         1
 Ignite Poison            Fire/Tmut/Pois 10%        N/A       41%         3
 Call Imp                 Summ           4%         N/A       43%         2
 Mephitic Cloud           Conj/Pois/Air  5%         N/A       58%         3
 Freezing Cloud           Conj/Ice/Air   2%         6-21      99%         5


Dungeon Overview and Level Annotations

Branches:
Dungeon (4/15)            Ossuary (visited)
 Temple: D:4-7

Altars:
Kikubaaqudgha
Ru
Sif Muna
Vehumet
Xom

Shops:
D:2 (![*   D:3 *


Innate Abilities, Weirdness & Mutations

You are a venomous arachnid creature.
You have poisonous fangs.
You are tiny and dextrous.
Your spellcasting is less reliable in this form.
Your armour is entirely melded.
You are incapable of wielding weapons or throwing items.
You cannot wear most types of armour.
((You are amphibious.))
You can wear up to eight rings at the same time.
((Your skin changes colour to match your surroundings (Stealth+).))
((Your rubbery body absorbs attacks. (AC +1, EV +1)))
((You are camouflaged near water. (Stealth+)))
((You have tentacles for arms and can constrict up to eight enemies at once.))


Message History

The centaur closely misses you.
You bite the centaur!
The centaur is moderately wounded.
The centaur completely misses you.
The centaur kicks you but does no damage.
The orc priest looks satisfied for a moment.
The centaur hits you.
The centaur kicks you but does no damage.
You barely miss the centaur.
The centaur is moderately wounded.
The orc barely misses you. The centaur hits you.
The centaur closely misses you.
Unknown command.
You hit the orc.
The orc is lightly wounded.
The centaur closely misses you. The centaur barely misses you.
The orc priest looks braver for a moment.
The centaur closely misses you. The centaur kicks you.
Press: ? - help, v - describe, . - travel
Here: a centaur, quivering arrows (moderately wounded)
The floor.
Unknown command.
You hit the orc but do no damage.
The orc is poisoned.
The orc is lightly wounded.
The centaur hits you but does no damage.
The centaur kicks you. The orc barely misses you.
Your magical contamination has completely faded away.
Unknown command.
You hit the orc priest.
The orc priest is moderately wounded.
The centaur completely misses you. The centaur misses you. The orc misses you.
You bite the centaur!
The centaur is poisoned.
The centaur is severely wounded.
The centaur hits you.
The centaur kicks you but does no damage.
The orc priest mumbles some strange prayers to Beogh against you.
Pain shoots through your body!
* * * LOW HITPOINT WARNING * * *
The orc completely misses you. The centaur hits you.
You die...

.#....# #........#
...##.# #.....(..# ....
.# ####.#.### #.#.
...##.....# ..
........### .#
..........##### .#####
........#.....#
.#...#...#.....co....#
...............os....#
................###.##
.........).<.........#
............##.####..###
..........## #.# #....#
....... .. ##...#######
.....## .. #..........#
...### .. #..........#
...# #..........#


You could see a centaur (very poisoned), an orc priest and an orc (very
poisoned).

Vanquished Creatures
  2 ogres (D:4)
  Blork the orc (D:4)
  3 water moccasin zombies (Ossuary)
  An orc priest (D:4)
  An iguana (D:4)
  A hound skeleton (D:4)
  2 mummies (Ossuary)
  7 adders
  An adder skeleton (D:4)
  5 adder zombies (Ossuary)
  A worm (D:3)
  A dart slug (D:3)
  5 orcs
  8 ball pythons
  3 endoplasms
  3 giant cockroaches (D:1)
  A gnoll zombie (Ossuary)
  9 goblins
  7 hobgoblins
  A quokka (D:4)
  6 bats
  A frilled lizard (D:3)
  7 hobgoblin zombies (Ossuary)
  9 kobolds
  6 kobold zombies (Ossuary)
  5 orc zombies (Ossuary)
  6 rats
103 creatures vanquished.

Notes
Turn   | Place    | Note
-------+----------+-------------------------------------------
     0 | D:1      | ytrimaz the Octopode Transmuter began the quest for the
                  | Orb.
     0 | D:1      | Reached XP level 1. HP: 13/13 MP: 3/3
   357 | D:1      | Reached XP level 2. HP: 10/18 MP: 3/5
  1379 | D:2      | Reached XP level 3. HP: 15/23 MP: 4/6
  1384 | D:2      | Found Esse Jysu's Antique Armour Shop.
  1616 | D:2      | Learned a level 2 spell: Wereblood
  1620 | D:2      | Learned a level 3 spell: Spider Form
  1736 | D:2      | Found Ackoseo's Assorted Antiques.
  1745 | D:2      | Bought a scroll labelled BYALIL IDONENIUF for 23 gold
                  | pieces
  1869 | D:2      | Found a faded altar of an unknown god.
  2542 | D:2      | Reached XP level 4. HP: 28/28 MP: 8/8
  2613 | D:2      | Found Heithuev's Distillery.
  2684 | D:2      | Found Raduc's Weapon Emporium.
  2912 | D:2      | Bought a scroll labelled KARUTO LUIZ for 23 gold pieces
  2912 | D:2      | Bought a scroll labelled UGUPHO KADWEI for 23 gold pieces
  3104 | D:3      | Found a sacrificial altar of Ru.
  3119 | D:3      | Found a shimmering altar of Xom.
  3493 | D:3      | Found Ameorchut's General Store.
  3498 | D:3      | Bought a scroll of identify for 22 gold pieces
  3501 | D:3      | Identified a scroll of acquirement
  3948 | D:3      | Reached XP level 5. HP: 33/34 MP: 7/9
  4044 | D:4      | Noticed an ogre
  4071 | D:4      | Killed an ogre
  4072 | D:4      | Reached skill level 4 in Unarmed Combat
  4072 | D:4      | Reached XP level 6. HP: 32/39 MP: 8/11
  4265 | D:4      | Found a shimmering blue altar of Sif Muna.
  4265 | D:4      | Noticed Blork the orc
  4266 | D:4      | Found an ancient bone altar of Kikubaaqudgha.
  4267 | D:4      | Found a radiant altar of Vehumet.
  4272 | D:4      | Got Kikubaaqudgha's Volume of Sinister Rituals
  4290 | D:4      | Killed Blork the orc
  4311 | D:4      | Found a sand-covered staircase.
  4318 | Ossuary  | Entered an ossuary
  4394 | Ossuary  | Learned a level 4 spell: Ice Form
  4644 | Ossuary  | Reached XP level 7. HP: 45/45 MP: 7/13
  5300 | D:4      | Reached skill level 5 in Unarmed Combat
  5462 | D:4      | Slain by a centaur

Illustrated notes

Levels and vault maps discovered:
D:1:      enne_arrival_octagon_isle, layout_loops_ring, glass_columns_b
D:2:      layout_basic, serial_shops, shop, shop, shop, nicolae_lakefront_shop,
          chequers_ecumenical_altar_simple_redux, grunt_ministairs_4,
          chequers_serial_rivers_small_b
D:3:      layout_loops_corners, mainiacjoe_overflow_big_doors, serial_shops,
          shop, corexii_hall_statues_u
D:4:      layout_rooms, grunt_temple_overflow_magic_moments,
          gammafunk_temple_overflow_elements, enter_ossuary_1,
          uniq_blork_the_orc

Skill      XL: |  1  2  3  4  5  6  7 |
---------------+----------------------+-----
Spellcasting   | 3 4 |  4.6
Transmutations | 3 4 |  4.2
Fighting       | 2 |  2.9
Unarmed Combat | 4 5 |  5.1
Dodging        | |  2.0
Ice Magic      | |  0.1
Poison Magic   | |  0.8

Action                   |  1- 3 |  4- 6 |  7- 9 || total
-------------------------+-------+-------+-------++-------
Melee: Unarmed           |    86 |   118 |    62 ||   266
       Constrict         |    24 |    24 |     3 ||    51
       Tentacles         |     8 |    13 |     1 ||    22
       Kick              |    13 |    18 |     3 ||    34
       Punch             |     1 |       |       ||     1
 Cast: Beastly Appendage |    26 |    18 |     4 ||    48
       Spider Form       |       |     5 |     2 ||     7
       Wereblood         |       |     3 |     2 ||     5
       Ice Form          |       |     1 |     2 ||     3
  Use: Scroll            |     2 |     7 |     1 ||    10
 Stab: Sleeping          |     4 |     6 |       ||    10
Armor: Skin              |    21 |    20 |    36 ||    77
Dodge: Dodged            |    57 |    59 |    51 ||   167

Table legend: (Time is in decaauts)
 A = Elapsed time spent in this place.
 B = Non-inter-level travel time spent in this place.
 C = Inter-level travel time spent in this place.
 D = Time resting spent in this place.
 E = Time spent auto-exploring this place.
 F = Levels seen in this place.
 G = Mean time per level.
                   A        B        C        D        E       F      G
               +--------+--------+--------+--------+--------+-----+--------+
         Total |   5440 |   5335 |    105 |    982 |   3281 |   5 | 1088.0 |
       Dungeon |   4536 |   4431 |    105 |    337 |   3210 |   4 | 1134.0 |
       Ossuary |    903 |    903 |      0 |    645 |     71 |   1 |  903.0 |
               +--------+--------+--------+--------+--------+-----+--------+

Top non-repeatable levels by time:
     D:2: 1567 daAuts
     D:1: 1367 daAuts
     D:3: 1072 daAuts
 Ossuary: 903 daAuts
     D:4: 528 daAuts
